 Dungeon Crawl Stone Soup version 0.25-a0-163-g00f8f0cddd (webtiles) character file.

Game seed: 10723319392213996346, levelgen mode: deterministic

15808 D1HalberdGnoll the Slicer (level 12, -13/77 HPs)
             Began as a Kobold Assassin on Nov 22, 2019.
             Was a Believer of Uskayaw.
             Mangled by a catoblepas (15 damage)
             ... while petrified by you
             ... on level 2 of the Lair of Beasts.
             The game lasted 00:28:41 (15490 turns).

D1HalberdGnoll the Slicer (Kobold Assassin)        Turns: 15490, Time: 00:28:42

Health: -13/77     AC:  8    Str: 19    XL:     12   Next: 62%
Magic:  18/18      EV:  3    Int: 12    God:    Uskayaw [**....]
Gold:   875        SH:  0    Dex: 17    Spells: 11/11 levels left

rFire    . . .     SeeInvis .   m - +4 short sword
rCold    . . .     Gourm    .   y - +3 buckler
rNeg     + + +     Faith    .   k - +0 ring mail
rPois    ∞         Spirit   .   g - +0 helmet
rElec    .         Reflect  .   s - +0 cloak
rCorr    +         Harm     .   (no gloves)
MR       .....                  x - +0 pair of boots
Stlth    ++++......             z - macabre finger necklace {rN+}
HPRegen  0.22/turn              q - +6 ring of strength
MPRegen  0.16/turn              v - +4 ring of evasion
                                H - ring of resist corrosion

@: petrified
A: small, carnivore, mutation resistance 1, no potion heal 1
a: Stomp, Line Pass, Renounce Religion


You were on level 2 of the Lair of Beasts.
You worshipped Uskayaw.
Uskayaw was aware of your devotion.
You were very full.

You visited 2 branches of the dungeon, and saw 12 of its levels.
You also visited: Ossuary.

You collected 875 gold pieces.

Inventory:

Hand Weapons
 c - a +2 falchion of flaming
 m - a +4 short sword (weapon)
Missiles
 d - 16 poisoned darts (quivered)
 e - 2 curare-tipped darts
 B - 7 atropa-tipped darts
 C - a throwing net
Armour
 g - a +0 helmet (worn)
 k - a +0 ring mail (worn)
 s - a +0 cloak (worn)
 x - a +0 pair of boots (worn)
 y - a +3 buckler (worn)
Jewellery
 q - a +6 ring of strength (left hand)
 v - a +4 ring of evasion (right hand)
 z - the macabre finger necklace (around neck) {rN+}
   (You found it on level 1 of the Lair of Beasts)

   [amulet of nothing]

   It protects you from negative energy.
 H - a ring of resist corrosion (on amulet)
 R - an uncursed amulet of harm {unknown}
Wands
 r - a wand of paralysis (13)
 F - a wand of digging (11)
 J - a wand of flame (21)
 K - a wand of polymorph (6)
 M - a wand of acid (5)
Scrolls
 h - 7 scrolls of remove curse
 j - 3 scrolls of identify
 o - 2 scrolls of fog
 p - 2 scrolls of magic mapping
 D - a scroll of holy word
 E - 3 scrolls of enchant armour
 G - 5 scrolls of teleportation
 N - a scroll of blinking
 P - a scroll of brand weapon {unknown}
Potions
 a - a potion of berserk rage
 i - 3 potions of haste
 l - a potion of flight
 n - a potion of cancellation {unknown}
 t - a potion of agility
 w - a potion of brilliance
 A - a potion of heal wounds
 I - a potion of invisibility
 Q - a potion of curing {unknown}
Miscellaneous
 b - a phial of floods (inert)
 L - a lamp of fire (inert)
 O - a phantom mirror
Comestibles
 f - 31 rations


   Skills:
 + Level 10.0 Fighting
 + Level 11.6 Short Blades
 - Level 2.1 Throwing
 - Level 10.0 Dodging
 + Level 11.5 Stealth
 - Level 5.6 Shields
 + Level 9.0 Invocations


You had 11 spell levels left.
You didn't know any spells.
Your spell library contained the following spells:

 Spells                   Type           Power        Failure   Level  Hunger
 Magic Dart               Conj           #...         50%         1    ##.....
 Shock                    Conj/Air       #...         50%         1    ##.....
 Searing Ray              Conj           #.....       65%         2    ###....
 Swiftness                Chrm/Air       #.......     65%         2    ###....
 Dazzling Spray           Conj/Hex       #.....       86%         3    ####...
 Static Discharge         Conj/Air       #.......     86%         3    ####...
 Airstrike                Air            #.........   99%         4    #####..
 Force Lance              Conj/Tloc      #.......     99%         4    #####..
 Fulminant Prism          Conj/Hex       #.........   99%         4    #####..
 Iskenderun's Mystic Bla  Conj           #.......     99%         4    #####..
 Bolt of Magma            Conj/Fire/Erth #.........   100%        5    ######.
 Iskenderun's Battlesphe  Conj/Chrm      #.......     100%        5    ######.
 Lightning Bolt           Conj/Air       #.........   100%        5    ######.
 Venom Bolt               Conj/Pois      #.........   100%        5    ######.
 Iron Shot                Conj/Erth      #.........   100%        6    #######
 Orb of Destruction       Conj           #.........   100%        7    #######
 Spellforged Servitor     Conj/Summ      #.........   100%        7    #######


Dungeon Overview and Level Annotations

Branches:
Dungeon (10/15)            Temple (0/1) D:6            Lair (2/6) D:10
  Swamp (0/4) Lair:2          Orc (0/2) D:9         Ossuary (visited)
  Snake: Lair:2-4    Spider: Lair:2-4

Altars:
Cheibriados
Elyvilon
Gozag
Kikubaaqudgha
Okawaru
Qazlal
Ru
Sif Muna
Trog
Uskayaw
Wu Jian
Xom

Shops:
D:10 :

Annotations:
D:5 2 transporters
D:6 1 runed translucent door, flestrin's ghost, novice TrMo
D:7 3 runed translucent doors, Nvm9's ghost, novice DsFi
Lair:2 2 runed translucent doors, mora's ghost, journeyman TrHu


Innate Abilities, Weirdness & Mutations

You are small and have problems with some larger weapons.
You are carnivorous and can eat meat at any time.
You are somewhat resistant to further mutation.
Potions are less effective at restoring your health.


Message History

* * * LOW HITPOINT WARNING * * *
You have turned to stone.
Uskayaw will force your foes to helplessly watch your dance.
Uskayaw prepares the audience for your solo!
You are engulfed in calcifying dust.
The catoblepas is no longer paralysed.
The catoblepas gores you!
* * * LOW HITPOINT WARNING * * *
You are engulfed in calcifying dust.
The catoblepas is no longer covered in acid.
The catoblepas gores you!
* * * LOW HITPOINT WARNING * * *
You are engulfed in calcifying dust.
The catoblepas gores you!
* * * LOW HITPOINT WARNING * * *
The catoblepas gores you!
* * * LOW HITPOINT WARNING * * *
The catoblepas breathes a plume of calcifying dust at you.
The blast of calcifying dust hits you.
* * * LOW HITPOINT WARNING * * *
You are engulfed in calcifying dust.
The catoblepas gores you!!
You die...

## ### ### ####.##
#.###P####...#.###
##....§§@Y......:..
#..............#
#.....####..##.#
##...## #(P# #....#
#..## ##...##....#
##....#....#
#....###...#
#.....######


You could see a catoblepas.

Vanquished Creatures
  3 hydras
  A death yak (D:10)
  A two-headed ogre (D:8)
  An unseen horror (D:10)
  An elephant (D:10)
  A black mamba (Lair:1)
  A torpor snail (Lair:2)
  A komodo dragon (Lair:1)
  2 ice devils (Lair:2)
  A jumping spider (Lair:2)
  A bog body (Lair:2)
  5 blink frogs (Lair:2)
  2 dream sheep (D:8)
  2 hippogriffs (Lair:1)
  Sigmund (D:6)
  2 redbacks (Lair:2)
  15 yaks
  Grum (D:9)
  Menkaure (D:4)
  3 porcupines
  2 sky beasts
  2 orc warriors
  An ice beast (D:6)
  2 necrophages
  3 ogres
  2 phantoms (D:7)
  3 wolves (D:9)
  9 crocodiles
  3 centaurs
  4 big kobolds
  9 bullfrogs
  An elf zombie (Ossuary)
  Blork the orc (D:4)
  2 gnoll sergeants
  4 scorpions
  A troll skeleton (D:8)
  A howler monkey (D:6)
  2 electric eels (Lair:2)
  2 crimson imps
  A bullfrog zombie (D:10)
  3 jellies (D:9)
  Crazy Yiuf (D:2)
  A gnoll shaman (D:6)
  4 human zombies (D:8)
  2 orc priests
  2 bullfrog skeletons (D:7)
  5 hounds
  4 orc wizards
  Jessica (D:2)
  2 iguanas
  5 worker ants
  A hound zombie (D:5)
  A hound skeleton (D:7)
  6 mummies (D:8)
  18 gnolls
  A howler monkey skeleton (D:4)
  8 adders
  A shadow imp (D:7)
  5 worms
  3 dart slugs
  6 leopard geckos
  37 orcs
  7 bats
  5 giant cockroaches
  2 goblins (D:1)
  10 hobgoblins
  16 jackals
  2 quokkas
  A ball python (D:4)
  9 frilled lizards
  A jackal skeleton (D:6)
  6 kobolds
  A leopard gecko skeleton (D:5)
  3 quokka skeletons
  10 rats
  A butterfly (Lair:1)
292 creatures vanquished.

Vanquished Creatures (others)
  A fungus (Lair:2)
1 creature vanquished.

Grand Total: 293 creatures vanquished

Notes
Turn   | Place    | Note
-------+----------+-------------------------------------------
     0 | D:1      | D1HalberdGnoll the Kobold Assassin began the quest for the
                  | Orb.
     0 | D:1      | Reached XP level 1. HP: 12/12 MP: 1/1
   241 | D:1      | Reached XP level 2. HP: 18/18 MP: 2/2
   739 | D:1      | Reached XP level 3. HP: 18/22 MP: 3/3
  1310 | D:2      | Reached XP level 4. HP: 24/27 MP: 4/4
  1339 | D:2      | Found an iron altar of Okawaru.
  1339 | D:2      | Found a sacrificial altar of Ru.
  1369 | D:2      | Noticed Jessica
  1394 | D:2      | Killed Jessica
  1574 | D:2      | Reached XP level 5. HP: 22/32 MP: 5/5
  1818 | D:2      | Found a runed translucent door.
  1819 | D:2      | Noticed Crazy Yiuf
  2029 | D:2      | Killed Crazy Yiuf
  2634 | D:3      | Reached XP level 6. HP: 28/37 MP: 6/6
  2721 | D:3      | Found a shimmering blue altar of Sif Muna.
  2798 | D:3      | Found a bloodstained altar of Trog.
  2858 | D:3      | Found a hide-covered altar of Uskayaw.
  2866 | D:3      | Found a stormy altar of Qazlal.
  3046 | D:3      | Became a worshipper of Uskayaw the Reveler
  3174 | D:4      | Found a sand-covered staircase.
  3181 | D:4      | Reached * piety under Uskayaw
  3331 | Ossuary  | Entered an ossuary
  3349 | Ossuary  | Reached ** piety under Uskayaw
  3366 | Ossuary  | Gained mutation: Potions are less effective at restoring
                  | your health. [potion of mutation]
  3366 | Ossuary  | Gained mutation: You are somewhat resistant to further
                  | mutation. [potion of mutation]
  3668 | D:4      | Noticed Menkaure
  3674 | D:4      | Killed Menkaure
  3674 | D:4      | Reached XP level 7. HP: 43/43 MP: 7/7
  3680 | D:4      | Reached *** piety under Uskayaw
  3760 | D:4      | Reached skill level 5 in Short Blades
  3802 | D:4      | Noticed Blork the orc
  3804 | D:4      | Killed Blork the orc
  3871 | D:4      | Reached skill level 1 in Invocations
  4341 | D:4      | Reached XP level 8. HP: 36/48 MP: 7/9
  4697 | D:4      | You fall into a shaft and drop 3 floors!
  4874 | D:6      | Found a runed translucent door.
  5068 | D:5      | Entered Level 5 of the Dungeon
  5344 | D:5      | Found a transporter.
  5357 | D:5      | Reached skill level 5 in Fighting
  5394 | D:5      | Reached skill level 5 in Dodging
  5394 | D:5      | Reached skill level 10 in Stealth
  6480 | D:5      | Found a transporter.
  6709 | D:5      | Found a basalt altar of Yredelemnul.
  6711 | D:5      | Found an ornate altar of the Wu Jian Council.
  6711 | D:5      | Found a hide-covered altar of Uskayaw.
  6713 | D:5      | Found a shimmering altar of Xom.
  6713 | D:5      | Found a snail-covered altar of Cheibriados.
  6713 | D:5      | Found a white marble altar of Elyvilon.
  6767 | D:5      | Noticed a fire bat
  6767 | D:5      | Noticed a fire bat
  6787 | D:6      | Reached XP level 9. HP: 54/54 MP: 7/11
  6887 | D:6      | Reached skill level 1 in Shields
  7158 | D:6      | Found a staircase to the Ecumenical Temple.
  7401 | D:6      | Noticed flestrin's ghost (novice TrMo)
  7504 | D:6      | Noticed Sigmund
  7515 | D:6      | Killed Sigmund
  8137 | D:7      | Found a runed translucent gate.
  8137 | D:7      | Found a runed translucent gate.
  8137 | D:7      | Found an opulent altar of Gozag.
  8137 | D:7      | Found a runed translucent gate.
  8137 | D:7      | Noticed Nvm9's ghost (novice DsFi)
  8138 | D:7      | Noticed a centaur warrior
  8796 | D:8      | Reached XP level 10. HP: 33/61 MP: 9/13
  8805 | D:8      | Reached skill level 5 in Invocations
  8811 | D:8      | Reached **** piety under Uskayaw
  8815 | D:8      | Reached ***** piety under Uskayaw
  8993 | D:8      | Noticed a two-headed hydra
  9011 | D:8      | Killed a two-headed hydra
  9305 | D:8      | Noticed a two-headed ogre
  9344 | D:8      | Killed a two-headed ogre
  9618 | D:8      | Found an ancient bone altar of Kikubaaqudgha.
 10030 | D:9      | Noticed Grum
 10046 | D:9      | Killed Grum
 10064 | D:9      | Reached XP level 11. HP: 50/68 MP: 11/15
 10500 | D:9      | Got a crystal war axe
 10501 | D:9      | Identified the +3 war axe "Ybiut" {freeze, MR- Str+4 Int+9}
                  | (You found it on level 9 of the Dungeon)
 10874 | D:9      | Found a staircase to the Orcish Mines.
 11260 | D:10     | Entered Level 10 of the Dungeon
 11260 | D:10     | Found Ahesh's Book Emporium.
 11375 | D:10     | Killed an unseen horror
 11677 | D:10     | Noticed a death yak
 11758 | D:10     | Reached skill level 10 in Short Blades
 11859 | D:10     | Noticed an elephant
 11938 | D:10     | Found a staircase to the Lair.
 11990 | D:10     | Killed an elephant
 12026 | D:10     | Killed a death yak
 12026 | D:10     | Reached skill level 5 in Shields
 12348 | Lair:1   | Entered Level 1 of the Lair of Beasts
 12535 | Lair:1   | Found the macabre finger necklace {rN+}
 13609 | Lair:1   | Reached XP level 12. HP: 64/76 MP: 16/18
 13853 | Lair:2   | Found a large runed translucent door.
 13854 | Lair:2   | Found a large runed translucent door.
 13858 | Lair:2   | Found a staircase to the Swamp.
 13858 | Lair:2   | Noticed mora's ghost (journeyman TrHu)
 14294 | Lair:2   | Reached ****** piety under Uskayaw
 14313 | Lair:2   | Reached skill level 10 in Dodging
 14407 | Lair:2   | Noticed a six-headed hydra
 14425 | Lair:2   | Killed a six-headed hydra
 15138 | Lair:2   | Noticed an eight-headed hydra
 15145 | Lair:2   | Killed an eight-headed hydra
 15415 | Lair:2   | Reached skill level 10 in Fighting
 15454 | Lair:2   | Noticed a catoblepas
 15488 | Lair:2   | HP: 3/77 [catoblepas (7)]
 15490 | Lair:2   | Mangled by a catoblepas

Levels and vault maps discovered:
D:1:      wheals_arrival_linesprint, layout_loops_corners, st_stairs_12
D:2:      layout_basic, chequers_temple_overflow_statue_of_worship,
          minmay_vboxes, uniq_crazy_yiuf_cottage, uniq_jessica
D:3:      layout_rooms, lemuel_doored_altar, nicolae_overflow_quartered_altars,
          serial_forest, infiniplex_forest_straight_4,
          infiniplex_forest_corner_1, infiniplex_forest_lined_ring,
          infiniplex_forest_straight_4, infiniplex_forest_clump_curved,
          infiniplex_forest_clump_medium, infiniplex_forest_end_double,
          first_ration
D:4:      layout_basic, nicolae_ossuary_entry_ruins, uniq_menkaure,
          uniq_blork_the_orc
D:5:      gammafunk_cloud_chamber, layout_cave_pods, doesnt_xom_only_xom
D:6:      layout_basic, minmay_temple_entry_arrows, ebering_ghost_sewer_d,
          uniq_sigmund
D:7:      layout_basic, ebering_ghost_gozag
D:8:      layout_basic, lemuel_mausoleum_altar_kikubaaqudgha, hangedman_ranch
          [blue_anna_fruit_fields]
D:9:      layout_roguey, orc_0_dummy, minmay_misc_feat_secret_circle,
          nicolae_water_bricks, minmay_variable_closet, uniq_grum
D:10:     layout_roguey, david_lair_generic, serial_shops, nicolae_shop_crystal,
          serial_bayou_crossing
Lair:1:   layout_cave_pods, lemuel_fruit_fields
Lair:2:   layout_regular_city, skrybe_swamp_entry_bodies,
          nicolae_spider_entry_tight_spaces, ebering_ghost_disaster_area,
          portal_ice_cave_demonic_guard, nicolae_quartered_pool_super,
          lemuel_fruit_tree, infiniplex_staircase_pool

Skill      XL: |  1  2  3  4  5  6  7  8  9 10 11 12 |
---------------+-------------------------------------+-----
Short Blades   | 3 4 5 6 7 9 10 11 | 11.6
Stealth        | 6 7 8 9 10 11 | 11.5
Dodging        | 2 3 4 5 6 8 9 10 | 10.0
Fighting       | 3 4 5 6 7 9 10 | 10.0
Invocations    | 1 3 4 6 8 9 |  9.0
Shields        | 2 4 5 |  5.6
Throwing       | |  2.1

Action                   |  1- 3 |  4- 6 |  7- 9 | 10-12 || total
-------------------------+-------+-------+-------+-------++-------
Melee: Dagger            |    65 |       |       |       ||    65
       Short sword       |    27 |   162 |   447 |   598 ||  1234
Throw: Dart              |     7 |    14 |    62 |    52 ||   135
Invok: Stomp             |       |       |     5 |     5 ||    10
       Line Pass         |       |       |       |     3 ||     3
Evoke: Wand              |       |     3 |       |     8 ||    11
       Lamp of fire      |       |       |       |     1 ||     1
       Phial of floods   |       |       |       |     1 ||     1
  Use: Scroll            |       |     2 |     8 |    21 ||    31
       Potion            |       |     2 |       |     3 ||     5
 Stab: Sleeping          |     8 |     6 |    12 |    21 ||    47
       Paralysed         |       |     1 |     4 |    27 ||    32
       Confused          |       |       |       |     2 ||     2
       Distracted        |       |       |       |     1 ||     1
  Eat: Chunk             |     1 |     5 |    19 |    28 ||    53
       Ration            |       |     1 |       |       ||     1
Armor: Robe              |     6 |       |       |       ||     6
       Ring mail         |    14 |    67 |    59 |    36 ||   176
Dodge: Dodged            |    61 |   163 |   270 |   301 ||   795
Block: Buckler           |       |       |    71 |   154 ||   225

Table legend:
 A = Non-vault XP
 B = Vault XP
 C = Vault XP percentage of total XP
 D = Non-vault monster count
 E = Vault monster count
 F = Vault count percentage of total count
                 A         B        C        D         E       F
            +---------+---------+-------+---------+---------+-------
      Total |   15468 |    7115 |  31.5 |     240 |      51 |  17.5
            +---------+---------+-------+---------+---------+-------
        D:1 |      32 |       3 |   8.6 |      18 |       2 |  10.0
        D:2 |      78 |     101 |  56.4 |      17 |      11 |  39.3
        D:3 |      87 |       0 |   0.0 |      21 |       0 |   0.0
        D:4 |     606 |     256 |  29.7 |      35 |       2 |   5.4
        D:5 |     240 |       0 |   0.0 |      16 |       0 |   0.0
        D:6 |     924 |     220 |  19.2 |      28 |       1 |   3.4
        D:7 |     957 |       0 |   0.0 |      18 |       0 |   0.0
        D:8 |    1048 |    2646 |  71.6 |       8 |      20 |  71.4
        D:9 |    1139 |     535 |  32.0 |      28 |       4 |  12.5
       D:10 |    1169 |    1572 |  57.4 |      11 |       4 |  26.7
     Lair:1 |    4135 |       0 |   0.0 |      22 |       0 |   0.0
     Lair:2 |    5053 |    1687 |  25.0 |      18 |       6 |  25.0
    Ossuary |       0 |      95 | 100.0 |       0 |       1 | 100.0
            +---------+---------+-------+---------+---------+-------
